 Dungeon Crawl Stone Soup version 0.21.1-1-g345015f (webtiles) character file.

5576 Yuiyter the Cleaver (level 10, 0/88 HPs)
             Began as a Hill Orc Fighter on July 2, 2018.
             Was a Believer of Wu Jian.
             Slain by a water moccasin (1 damage)
             ... on level 10 of the Dungeon.
             The game lasted 02:13:17 (12316 turns).

Yuiyter the Cleaver (Hill Orc Fighter)             Turns: 12316, Time: 02:13:18

Health: 0/88       AC: 17    Str: 23    XL:     10   Next: 72%
Magic:  19/19      EV:  6    Int:  8    God:    Wu Jian [**....]
Gold:   314        SH: 11    Dex: 10    Spells: 9/9 levels left

rFire    . . .     SeeInvis .   Z - +4 long sword
rCold    . . .     Gourm    .   c - +0 shield
rNeg     . . .     Faith    .   k - +1 plate armour
rPois    .         Spirit   .   m - +0 helmet
rElec    .         Reflect  .   (no cloak)
rCorr    .         Harm     +   (no gloves)
MR       .....                  V - +0 pair of boots
Stlth    ..........             n - amulet of harm
HPRegen  0.24/turn              s - ring of magical power
MPRegen  0.16/turn              (no ring)

@: lethally poisoned (0 -> 0)
A: no striking features
a: Wall Jump, Renounce Religion


You were on level 10 of the Dungeon.
You worshipped Wu Jian.
Wu Jian was pleased with you.
You were not hungry.

You visited 2 branches of the dungeon, and saw 10 of its levels.

You collected 470 gold pieces.
You spent 156 gold pieces at shops.

Inventory:

Hand Weapons
 a - a +0 war axe
 C - a +0 broad axe
 D - a +0 spear of flaming
 N - a +0 shortbow
 Z - a +4 long sword (weapon)
Missiles
 h - 27 poisoned needles
 l - 133 stones (quivered)
 q - 280 arrows
 u - 51 sling bullets
 z - 7 curare-tipped needles
 J - 26 bolts
 M - 5 tomahawks
Armour
 c - a +0 shield (worn)
 k - a +1 plate armour (worn)
 m - a +0 helmet (worn)
 t - a cursed +0 leather armour
 O - a +0 troll leather armour
 V - a +0 pair of boots (worn)
 W - +0 swamp dragon scales
Magical Staves
 w - an uncursed staff of energy {unknown}
 B - an uncursed staff of summoning
Jewellery
 n - an amulet of harm (around neck)
 s - a ring of magical power (left hand)
 P - an uncursed amulet of harm
Wands
 i - a wand of flame (20)
 x - a wand of polymorph (16)
 y - a wand of random effects (36)
Scrolls
 d - 2 scrolls of fog
 e - 7 scrolls of remove curse
 j - a scroll of teleportation
 o - a scroll of identify
 v - 3 scrolls of enchant weapon
 A - 2 scrolls of random uselessness
 E - a scroll of amnesia
 R - 3 scrolls of fear
 T - 2 scrolls of noise
Potions
 b - a potion of agility
 g - a potion of cancellation
 p - 2 potions of ambrosia
 F - 2 potions of heal wounds {unknown}
 K - a potion of magic
 L - 2 potions of degeneration
 Q - 4 potions of flight
 S - a potion of invisibility {unknown}
 X - a potion of berserk rage
Books
 r - a book of Misfortune

   Spells                             Type                      Level
   a - Confusing Touch                Hexes                        1
   b - Confuse                        Hexes                        3
   c - Gell's Gravitas                Translocation                3
   d - Petrify                        Transmutation/Earth          4
   e - Metabolic Englaciation         Hexes/Ice                    5
   f - Yara's Violent Unravelling     Hexes/Transmutation          5
 H - a book of Geomancy

   Spells                             Type                      Level
   a - Sandblast                      Earth                        1
   b - Passwall                       Transmutation/Earth          2
   c - Stone Arrow                    Conjuration/Earth            3
   d - Petrify                        Transmutation/Earth          4
   e - Lee's Rapid Deconstruction     Earth                        5
Comestibles
 f - 17 rations


   Skills:
 + Level 8.0 Fighting
 + Level 3.6 Long Blades
 + Level 11.3(11.8) Axes
 + Level 4.9(7.9) Polearms
 + Level 8.5 Armour
 + Level 1.5 Dodging
 + Level 0.5 Stealth
 + Level 8.1 Shields


You had 9 spell levels left.
You didn't know any spells.

Dungeon Overview and Level Annotations

Branches:
Dungeon (8/15)             Temple (1/1) D:7
   Lair: D:8-11

Altars:
Ashenzari
Cheibriados
Dithmenos
Elyvilon
Fedhas
Gozag
Hepliaklqana
Kikubaaqudgha
Makhleb
Nemelex Xobeh
Okawaru
Qazlal
Ru
Sif Muna
Trog
Uskayaw
Vehumet
Wu Jian
Xom
Yredelemnul
Zin
The Shining One

Shops:
D:8 *


Message History

You hit the water moccasin.
The water moccasin is moderately wounded.
You block the water moccasin's attack.
The centaur zombie hits you but does no damage.
The water moccasin barely misses you.
Unknown command.
You closely miss the water moccasin.
The water moccasin is moderately wounded.
You feel sick. The centaur zombie barely misses you.
You riposte.
You hit the centaur zombie.
The centaur zombie is severely damaged.
You block the water moccasin's attack. You block the centaur zombie's attack.
Unknown command.
You miss the water moccasin.
The water moccasin is moderately wounded.
The water moccasin bites you.
* * * LOW HITPOINT WARNING * * *
The centaur zombie hits you but does no damage.
The water moccasin bites you.
You die...

###
...
.).
#a#
#y#
#o#
#Z#
#@#
#S#
#.#
...
....#
##...#
#...#
#...#
#<..#


You could see a hornet, a water moccasin, a worker ant, an orc and a centaur
zombie.

Vanquished Creatures
  The ghost of nicolaieve the Cleaver, a novice MiBe of Trog (D:7)
  Pikel (D:6)
  A gargoyle (D:10)
  Grinder (D:4)
  A troll (D:5)
  A hippogriff (D:5)
  The ghost of sking99 the Ruffian, an amateur TrMo of Hepliaklqana (D:4)
  2 orc warriors
  A black bear (D:8)
  A sky beast (D:8)
  2 necrophages
  2 ice beasts
  A phantom (D:5)
  5 ogres
  A centaur (D:5)
  A big kobold (D:7)
  2 bullfrogs
  4 scorpions
  A wyvern skeleton (D:2)
  7 killer bees (D:8)
  A water moccasin skeleton (D:7)
  2 howler monkeys
  4 orc priests
  11 orc wizards
  7 jellies
  3 bullfrog skeletons
  2 iguanas
  Natasha (thrice) (D:4)
  4 worker ants
  A hound zombie (D:7)
  A hound skeleton (D:7)
  8 gnolls
  9 adders
  A howler monkey skeleton (D:5)
  A shadow imp (D:7)
  8 oozes
  7 worms
  2 adder skeletons (D:6)
  A dart slug (D:2)
  7 leopard geckos
  36 orcs
  5 bats
  6 giant cockroaches
  7 goblins
  7 hobgoblins
  4 jackals (D:4)
  10 kobolds
  4 quokkas
  A ball python (D:3)
  5 frilled lizards
  A leopard gecko skeleton (D:4)
  7 rats
213 creatures vanquished.

Vanquished Creatures (others)
  An orc warrior (D:7)
  A sky beast (D:6)
  A black bear (D:7)
  A bullfrog (D:6)
  An orc priest (D:6)
  A hound (D:7)
  An orc wizard (D:7)
  An iguana (D:7)
  2 adders
  2 orcs
12 creatures vanquished.

Grand Total: 225 creatures vanquished

Notes
Turn   | Place    | Note
-------+----------+-------------------------------------------
     0 | D:1      | Yuiyter the Hill Orc Fighter began the quest for the Orb.
     0 | D:1      | Reached XP level 1. HP: 19/19 MP: 1/1
   489 | D:1      | Reached XP level 2. HP: 27/27 MP: 2/2
   945 | D:1      | Reached XP level 3. HP: 31/33 MP: 3/3
  1347 | D:2      | Found a stormy altar of Qazlal.
  1347 | D:2      | Noticed a fire elemental
  1357 | D:2      | Reached skill level 3 in Axes
  1364 | D:2      | Noticed an air elemental
  1372 | D:2      | Noticed a water elemental
  1374 | D:2      | Noticed an earth elemental
  1724 | D:2      | Reached XP level 4. HP: 39/40 MP: 4/4
  1860 | D:2      | Reached skill level 4 in Axes
  1860 | D:2      | Reached XP level 5. HP: 28/46 MP: 5/5
  2705 | D:3      | Reached skill level 5 in Axes
  3054 | D:3      | Found a snail-covered altar of Cheibriados.
  3192 | D:3      | Reached XP level 6. HP: 51/52 MP: 6/6
  3782 | D:4      | Noticed Natasha
  3789 | D:4      | Killed Natasha
  3977 | D:4      | Noticed Grinder
  4019 | D:4      | Paralysed by Grinder for 4 turns
  4033 | D:4      | Killed Grinder
  4033 | D:4      | Reached skill level 6 in Axes
  4033 | D:4      | Reached skill level 5 in Shields
  4033 | D:4      | Reached XP level 7. HP: 35/60 MP: 7/7
  4136 | D:4      | Noticed Natasha
  4154 | D:4      | Killed Natasha
  4333 | D:4      | Noticed sking99's ghost (amateur TrMo)
  4347 | D:4      | Reached skill level 7 in Axes
  4625 | D:4      | Reached skill level 5 in Armour
  4633 | D:4      | Reached skill level 5 in Fighting
  4940 | D:4      | Found a basalt altar of Yredelemnul.
  4940 | D:4      | Found an ancient bone altar of Kikubaaqudgha.
  4946 | D:4      | Found a blossoming altar of Fedhas.
  4951 | D:4      | Found an ornate altar of the Wu Jian Council.
  4953 | D:4      | Found a deep blue altar of Sif Muna.
  4994 | D:4      | Became a worshipper of the Wu Jian Council
  5087 | D:4      | Noticed Natasha
  5103 | D:4      | Killed Natasha
  5174 | D:4      | Killed sking99's ghost
  5174 | D:4      | Reached XP level 8. HP: 48/69 MP: 8/8
  5458 | D:4      | Reached skill level 8 in Axes
  5556 | D:5      | Entered Level 5 of the Dungeon
  6224 | D:5      | Reached skill level 9 in Axes
  6247 | D:5      | Reached * piety under Wu Jian
  6400 | D:5      | Noticed a hippogriff
  6401 | D:5      | Noticed a troll
  6421 | D:5      | Killed a hippogriff
  6421 | D:5      | Reached XP level 9. HP: 66/75 MP: 9/9
  6431 | D:5      | Killed a troll
  6431 | D:5      | Reached skill level 10 in Axes
  7122 | D:6      | Noticed Pikel
  7145 | D:6      | Killed Pikel
  7145 | D:6      | Reached skill level 11 in Axes
  7145 | D:6      | Reached skill level 1 in Dodging
  8113 | D:7      | Reached skill level 1 in Polearms
  8285 | D:7      | Noticed nicolaieve's ghost (novice MiBe)
  8313 | D:7      | Killed nicolaieve's ghost
  8313 | D:7      | Reached ** piety under Wu Jian
  8313 | D:7      | Reached XP level 10. HP: 45/86 MP: 10/10
  8486 | D:7      | Found a staircase to the Ecumenical Temple.
  8603 | D:7      | Found a shimmering altar of Xom.
  9331 | Temple   | Entered the Ecumenical Temple
 10338 | D:8      | Found Faibowaum's General Store.
 10866 | D:8      | Reached skill level 1 in Long Blades
 11667 | D:8      | Bought a scroll of identify for 26 gold pieces
 11667 | D:8      | Bought a ration for 65 gold pieces
 11667 | D:8      | Bought a ration for 65 gold pieces
 12250 | D:8      | You fall through a shaft for 2 floors!
 12250 | D:10     | Entered Level 10 of the Dungeon
 12250 | D:10     | Noticed a gargoyle
 12250 | D:10     | Noticed a gargoyle
 12258 | D:10     | Killed a gargoyle
 12316 | D:10     | HP: 1/88 [water moccasin (4)]
 12316 | D:10     | Slain by a water moccasin

Skill      XL: |  1  2  3  4  5  6  7  8  9 10 |
---------------+-------------------------------+-----
Fighting       | 4 5 6 7 8 |  8.0
Axes           | 3 4 5 6 7 9 11 | 11.3
Shields        | 4 5 6 7 8 |  8.1
Armour         | 4 5 6 7 8 |  8.5
Dodging        | 1 |  1.5
Polearms       | 4 |  4.9
Long Blades    | 3 |  3.6
Stealth        | |  0.5

Action                   |  1- 3 |  4- 6 |  7- 9 | 10-12 || total
-------------------------+-------+-------+-------+-------++-------
Melee: War axe           |   114 |   173 |   284 |       ||   571
       Short sword       |     6 |       |       |       ||     6
       Staff             |       |       |     5 |       ||     5
       Spear             |       |       |   149 |    78 ||   227
       Long sword        |       |       |       |   159 ||   159
Throw: Stone             |     1 |       |       |       ||     1
Invok: Lunge             |       |       |    17 |    12 ||    29
       Whirlwind         |       |       |     5 |    11 ||    16
       Wall Jump         |       |       |       |     9 ||     9
Evoke: Wand              |       |       |       |     2 ||     2
  Use: Scroll            |     1 |     2 |    13 |     9 ||    25
       Potion            |       |       |     2 |     3 ||     5
  Eat: Chunk             |     3 |     4 |     4 |     6 ||    17
       Ration            |       |     1 |     3 |     2 ||     6
Armor: Plate armour      |    89 |    85 |   195 |   188 ||   557
Dodge: Dodged            |    20 |    19 |    63 |    83 ||   185
Block: Shield            |    72 |    74 |   210 |   175 ||   531
       Rpst.: Long sword |       |       |       |    20 ||    20
